 Dungeon Crawl Stone Soup version 0.20-a0-1122-gb7cbeb9 (webtiles) character file.

57830 Amnesiac the Eclecticist (level 14, -22/71 HPs)
             Began as a Deep Elf Ice Elementalist on May 14, 2017.
             Was a High Priest of Sif Muna.
             Annihilated by a large slime creature (23 damage)
             ... on level 12 of the Dungeon.
             The game lasted 00:37:04 (22386 turns).

Amnesiac the Eclecticist (DEIE)                    Turns: 22386, Time: 00:37:05

Health: -22/71     AC: 13    Str:  5    XL:     14   Next: 47%
Magic:  0/35       EV: 15    Int: 26    God:    Sif Muna [*****.]
Gold:   1945       SH:  5    Dex: 15    Spells: 33/44 levels left

rFire    x . .     SeeInvis .   q - +3 short sword (elec)
rCold    + . .     Gourm    +   x - +0 buckler
rNeg     . . .     Faith    .   K - +0 steam dragon scales
rPois    .         Spirit   .   v - +0 helmet
rElec    .         Reflect  .   o - +0 cloak
rCorr    .         Harm     .   (no gloves)
MR       +....                  (no boots)
Stlth    ++........             Y - amulet of the gourmand
Regen    0.3/turn               J - ring of ice
MPRegen  0.3/turn               V - +6 ring of protection

@: no casting
A: no striking features
a: Stop Divine Energy, Channel Magic, Forget Spell, Renounce Religion


You were on level 12 of the Dungeon.
You worshipped Sif Muna.
Sif Muna was extremely pleased with you.
You were completely stuffed.

You visited 3 branches of the dungeon, and saw 19 of its levels.
You also visited: Ossuary, Ice Cave and Volcano.

You collected 1945 gold pieces.

Inventory:

Hand Weapons
 q - a +3 short sword of electrocution (weapon)
Missiles
 r - 5 needles of confusion
 t - 3 throwing nets (quivered)
 u - 114 poisoned needles
Armour
 o - a +0 cloak (worn)
 p - a +2 leather armour of fire resistance
 v - a +0 helmet (worn)
 x - a +0 buckler (worn)
 K - +0 steam dragon scales (worn)
Jewellery
 h - an uncursed ring of ice
 i - an uncursed ring of resist corrosion
 J - a ring of ice (left hand)
 S - a +5 ring of protection
 V - a +6 ring of protection (right hand)
 Y - an amulet of the gourmand (around neck)
 Z - an uncursed ring of see invisible
Wands
 a - a wand of digging (15/24)
 E - a wand of digging (10/24)
Scrolls
 d - 6 scrolls of recharging {!r}
 e - 5 scrolls of fear {!r}
 k - 6 scrolls of remove curse {!r}
 l - 3 scrolls of identify {!r}
 w - 2 scrolls of silence {!r, unknown}
 y - 7 scrolls of teleportation {!r}
 z - 4 scrolls of magic mapping {!r}
 G - 2 scrolls of amnesia {!r}
 H - a scroll of enchant armour {!r, unknown}
 I - a scroll of fog {!r, unknown}
 L - a scroll of enchant weapon {!r}
 T - a scroll of brand weapon {!r}
 X - a scroll of blinking {!r}
Potions
 f - 2 potions of magic {!q}
 j - 3 potions of agility {!q}
 m - a potion of invisibility {!q}
 n - 4 potions of cancellation {!q}
 s - 2 potions of resistance {!q}
 A - 2 potions of experience {!q, unknown}
 C - 3 potions of might {!q}
 D - 3 potions of berserk rage {!q, unknown}
 F - 2 potions of lignification {!q}
 M - a potion of haste {!q, unknown}
 O - a potion of ambrosia {!q}
 P - 4 potions of curing {!q}
Books
 b - a book of Misfortune {god gift}

   Spells                             Type                      Level
   a - Confusing Touch                Hexes                        1
   b - Confuse                        Hexes                        3
   c - Gell's Gravitas                Translocation                3
   d - Petrify                        Transmutation/Earth          4
   e - Metabolic Englaciation         Hexes/Ice                    5
   f - Yara's Violent Unravelling     Hexes/Transmutation          5
 W - Sif Muna's Incunabulum of the Compass and Beguiling {god gift}
   (Sif Muna gifted it to you on level 6 of the Lair of Beasts)

   Spells                             Type                      Level
   a - Confusing Touch                Hexes                        1
   b - Gell's Gravitas                Translocation                3
   c - Force Lance                    Conjuration/Translocation    4
   d - Controlled Blink               Translocation                8
   e - Disjunction                    Translocation                8
Miscellaneous
 g - a phantom mirror
Comestibles
 c - 11 bread rations
 N - 4 meat rations
 Q - 2 royal jellies
 R - a chunk of flesh
 U - 6 fruits


   Skills:
 - Level 1.8 Fighting
 - Level 5.0 Dodging
 - Level 2.4 Stealth
 - Level 5.3 Shields
 + Level 15.9 Spellcasting
 - Level 14.9 Conjurations
 - Level 15.0 Ice Magic
 - Level 8.0 Invocations


You had 33 spell levels left.
You knew the following spells:

 Your Spells              Type           Power        Failure   Level  Hunger
a - Throw Icicle          Conj/Ice       #######.     1%          4    None
b - Ozocubu's Armour      Chrm/Ice       ######..     1%          3    None
c - Summon Ice Beast      Ice/Summ       ######..     1%          4    None


Dungeon Overview and Level Annotations

Branches:
Dungeon (12/15)            Temple (1/1) D:5            Lair (6/6) D:9
  Swamp (0/4) Lair:2        Snake (0/4) Lair:4        Slime (0/5) Lair:5
    Orc: D:9-12

Altars:
Ashenzari
Cheibriados
Dithmenos
Elyvilon
Gozag
Hepliaklqana
Kikubaaqudgha
Makhleb
Nemelex Xobeh
Ru
Sif Muna
Trog
Uskayaw
Wu Jian
Xom
Yredelemnul
Zin
The Shining One

Shops:
D:5 [


Message History

Confirm with . or Enter, or press ? or * to list all spells.
Aiming: Throw Icicle
Press: ? - help, Shift-Dir - straight line, f - bullfrog
Aim: a bullfrog You feel a surge of power!
The shard of ice hits the bullfrog.
You kill the bullfrog!
Sif Muna accepts your kill.
You see here a book of Misfortune {god gift}.
Sif Muna grants you a gift!
You can't carry that many items.
You can't carry that many items.
Drop what? 52/52 slots (_ for help) (? for menu, Esc to quit)
Okay, then.
Drop what? 52/52 slots (_ for help) (? for menu, Esc to quit)
You drop a Young Poisoner's Handbook.
The worker ant misses you.
Okay, then.
Drop what? 51/52 slots (_ for help) (? for menu, Esc to quit)
You drop a book of Debilitation.
You block the worker ant's attack.
A slime creature suddenly becomes a large slime creature.
b - a book of Misfortune {god gift} The large slime creature misses you.
A hippogriff comes into view.
Casting: Throw Icicle
Confirm with . or Enter, or press ? or * to list all spells.
Aiming: Throw Icicle
Press: ? - help, Shift-Dir - straight line, f - large slime creature
Aim: a large slime creature You feel a surge of power!
The shard of ice misses the large slime creature.
The large slime creature closely misses you.
The worker ant misses you.
Casting: Throw Icicle
Confirm with . or Enter, or press ? or * to list all spells.
Aiming: Throw Icicle
Press: ? - help, Shift-Dir - straight line, f/p - large slime creature
Aim: a large slime creature You feel a surge of power!
The shard of ice hits the large slime creature.
The large slime creature is lightly wounded.
The large slime creature hits you!!
Casting: Throw Icicle
Confirm with . or Enter, or press ? or * to list all spells.
Aiming: Throw Icicle
Press: ? - help, Shift-Dir - straight line, f/p - large slime creature
Aim: a large slime creature (lightly wounded)
You feel a surge of power!
The shard of ice hits the large slime creature.
The large slime creature is moderately wounded.
Sif Muna grants you divine energy.
You briefly lose access to your magic!
The large slime creature hits you!!!
Ouch! That really hurt!
* * * LOW HITPOINT WARNING * * *
Okay, then.
Okay, then.
Really read
X - a scroll of blinking {!r}?
Blink to where?
Press: ? - help, Dir - move target cursor, f - you, p - large slime creature
Okay, then.
Really read
e - 6 scrolls of fear {!r}?
As you read the scroll of fear {!r}, it crumbles to dust.
You assume a fearsome visage.
The hippogriff looks frightened!
The large slime creature resists with some effort.
The large slime creature hits you!!
You die...

#..# ### ...#
##.###...###.
#....#.......
#...........
##.#:#.#.....
#.....## ...
##JH...# .
##@##..#...#
#...........
##.#.........
####........
###......
....# .


You could see a large slime creature and a hippogriff (fleeing).

Vanquished Creatures
  A stone giant (Volcano)
  Snorg (Lair:5)
  The ghost of mopl the Basher, a journeyman GnBe of Trog (IceCv)
  The ghost of vuev the Cruncher, a journeyman MiGl of Makhleb (IceCv)
  8 hydras
  2 ice dragons (IceCv)
  The ghost of Amnesiac the Frost Mage, a journeyman DEIE of Vehumet (Lair:3)
  2 ugly things (D:11)
  A manticore (D:11)
  A slime creature (D:12)
  4 elephants
  7 black mambas
  2 ice statues (IceCv)
  2 centaur skeletons (D:10)
  3 gargoyles (Volcano)
  12 spiny frogs
  9 komodo dragons
  An efreet (Volcano)
  4 rime drakes
  7 polar bears
  Prince Ribbit (D:5)
  21 blink frogs
  4 hornets (Lair:6)
  11 hippogriffs
  A shadow (D:12)
  Sigmund (D:2)
  13 spriggans (Lair:6)
  2 wraiths
  A wyvern (Lair:3)
  36 yaks
  A fire elemental (Volcano)
  6 fire bats (Volcano)
  Grum (Lair:1)
  A steam dragon (D:8)
  5 basilisks
  2 nagas (Lair:4)
  A warg (D:12)
  17 water moccasins
  11 porcupines
  2 hell hounds (D:9)
  2 orc warriors
  3 black bears
  17 ice beasts
  2 phantoms
  4 ogres
  5 boggarts (Lair:6)
  3 centaurs
  42 wolves
  10 crocodiles
  2 elf zombies (Ossuary)
  11 bullfrogs
  An earth elemental (Volcano)
  A scorpion (D:6)
  5 killer bees (D:10)
  4 wights (D:8)
  A howler monkey (D:9)
  2 electric eels (Lair:6)
  3 crimson imps
  7 lava snakes (Volcano)
  A quasit (D:9)
  A bullfrog zombie (D:8)
  2 human zombies (Ossuary)
  10 orc wizards
  2 orc priests
  5 hounds
  15 jellies
  2 bullfrog skeletons
  An iguana (D:4)
  9 worker ants
  A big kobold zombie (Ossuary)
  3 hound zombies
  4 mummies
  11 adders
  4 gnolls (D:4)
  2 shadow imps
  2 oozes
  An adder skeleton (D:4)
  3 adder zombies
  5 worms
  4 dart slugs
  4 leopard geckos
  33 orcs
  A ball python (D:4)
  6 giant cockroaches
  7 goblins
  6 hobgoblins
  6 jackals
  6 quokkas
  5 bats
  3 frilled lizards
  A giant cockroach zombie (D:5)
  3 gnoll zombies (Ossuary)
  5 goblin zombies (Ossuary)
  6 hobgoblin zombies (Ossuary)
  2 jackal zombies (Ossuary)
  3 kobolds
  3 kobold zombies (Ossuary)
  2 leopard gecko zombies
  An orc zombie (Ossuary)
  4 quokka zombies (Ossuary)
  4 rats
  4 rat zombies (Ossuary)
  A fungus (Lair:6)
  2 plants (Lair:6)
539 creatures vanquished.

Vanquished Creatures (others)
  An orc wizard (D:9)
  8 fungi
  9 plants
18 creatures vanquished.

Grand Total: 557 creatures vanquished

Notes
Turn   | Place    | Note
-------+----------+-------------------------------------------
     0 | D:1      | Amnesiac the Deep Elf Ice Elementalist began the quest for the Orb.
     0 | D:1      | Reached XP level 1. HP: 10/10 MP: 6/6
   203 | D:1      | Reached XP level 2. HP: 13/15 MP: 1/8
   823 | D:2      | Noticed Sigmund
   945 | D:2      | Reached XP level 3. HP: 19/19 MP: 8/10
   950 | D:2      | Learned a level 3 spell: Ozocubu's Armour
  1051 | D:2      | Killed Sigmund
  1051 | D:2      | Reached skill level 1 in Fighting
  1051 | D:2      | Reached skill level 5 in Dodging
  1051 | D:2      | Reached XP level 4. HP: 11/26 MP: 4/11
  1051 | D:2      | Reached XP level 5. HP: 13/30 MP: 4/12
  1089 | D:2      | Learned a level 4 spell: Throw Icicle
  1113 | D:2      | Found a glowing golden altar of the Shining One.
  1650 | D:3      | Reached XP level 6. HP: 27/35 MP: 7/14
  1906 | D:4      | Found a shimmering altar of Xom.
  2192 | D:5      | Entered Level 5 of the Dungeon
  2212 | D:5      | Noticed Prince Ribbit
  2712 | D:6      | Reached skill level 5 in Conjurations
  2822 | D:6      | Reached XP level 7. HP: 33/39 MP: 13/15
  2928 | D:5      | Killed Prince Ribbit
  3040 | D:5      | Found a snail-covered altar of Cheibriados.
  3405 | D:5      | Found a staircase to the Ecumenical Temple.
  3415 | Temple   | Entered the Ecumenical Temple
  3434 | Temple   | Became a worshipper of Sif Muna the Loreminder
  4044 | D:4      | Reached XP level 8. HP: 44/44 MP: 11/16
  4299 | D:5      | Found Weus's Armour Emporium.
  4584 | D:5      | Learned a level 4 spell: Summon Ice Beast
  5392 | D:6      | Found a sparkling altar of Nemelex Xobeh.
  5393 | D:6      | Found an opulent altar of Gozag.
  5488 | D:7      | Found a sand-covered staircase.
  5493 | Ossuary  | Entered an ossuary
  5510 | Ossuary  | Reached * piety under Sif Muna
  5721 | Ossuary  | Reached skill level 5 in Spellcasting
  6443 | D:7      | Found a hide-covered altar of Uskayaw.
  6448 | D:7      | Got a crude scale mail
  6566 | D:7      | Reached ** piety under Sif Muna
  7236 | D:8      | Reached XP level 9. HP: 48/48 MP: 0/23
  7912 | D:8      | Reached skill level 10 in Spellcasting
  8290 | D:9      | Found a white marble altar of Elyvilon.
  8338 | D:9      | Reached *** piety under Sif Muna
  8405 | D:9      | Found a staircase to the Lair.
  8623 | D:9      | Found a basalt altar of Yredelemnul.
  8815 | Lair:1   | Entered Level 1 of the Lair of Beasts
  8859 | Lair:1   | Noticed Grum
  8865 | Lair:1   | Killed Grum
  9032 | Lair:1   | Reached XP level 10. HP: 53/53 MP: 21/26
  9141 | Lair:1   | Reached **** piety under Sif Muna
  9293 | Lair:1   | Reached skill level 10 in Ice Magic
  9297 | Lair:1   | Reached skill level 10 in Conjurations
  9796 | Lair:2   | Noticed a spiny frog
  9800 | Lair:2   | Killed a spiny frog
  9860 | Lair:2   | Noticed a seven-headed hydra
  9864 | Lair:2   | Killed a seven-headed hydra
  9864 | Lair:2   | Reached ***** piety under Sif Muna
  9864 | Lair:2   | Identified Sif Muna's Volume of Cloudy Conjuration {god gift} (Sif Muna gifted it to you on level 2 of the Lair of Beasts)
  9864 | Lair:2   | Received a gift from Sif Muna
  9909 | Lair:2   | Found a staircase to the Swamp.
 10026 | Lair:2   | Reached XP level 11. HP: 57/57 MP: 6/27
 10311 | Lair:2   | Noticed an eight-headed hydra
 10315 | Lair:2   | Killed an eight-headed hydra
 10485 | Lair:2   | Noticed a five-headed hydra
 10487 | Lair:2   | Killed a five-headed hydra
 11249 | Lair:3   | Noticed a four-headed hydra
 11299 | Lair:3   | Noticed Amnesiac's ghost (journeyman DEIE)
 11470 | Lair:3   | Identified a paperback manual {god gift} (Sif Muna gifted it to you on level 3 of the Lair of Beasts)
 11470 | Lair:3   | Received a gift from Sif Muna
 11565 | Lair:3   | Killed Amnesiac's ghost
 11612 | Lair:3   | Killed a four-headed hydra
 11612 | Lair:3   | Reached XP level 12. HP: 62/62 MP: 0/29
 13032 | Lair:4   | Found a staircase to the Snake Pit.
 13261 | Lair:4   | Got an encrusted chain mail
 13545 | Lair:4   | Identified Sif Muna's Guide on Contamination {god gift} (Sif Muna gifted it to you on level 4 of the Lair of Beasts)
 13545 | Lair:4   | Received a gift from Sif Muna
 13771 | Lair:4   | Found a snail-covered altar of Cheibriados.
 13985 | Lair:5   | Noticed Snorg
 14186 | Lair:5   | Killed Snorg
 14233 | Lair:5   | Noticed a six-headed hydra
 14237 | Lair:5   | Killed a six-headed hydra
 14282 | Lair:5   | Found a frozen archway.
 14330 | IceCv    | Entered an ice cave
 14504 | IceCv    | Reached skill level 1 in Invocations
 14607 | IceCv    | Noticed vuev's ghost (journeyman MiGl)
 14614 | IceCv    | Killed vuev's ghost
 14614 | IceCv    | Reached XP level 13. HP: 66/66 MP: 4/32
 15519 | IceCv    | Noticed mopl's ghost (journeyman GnBe)
 15600 | IceCv    | Killed mopl's ghost
 15600 | IceCv    | Reached skill level 5 in Invocations
 15743 | IceCv    | HP: 2/66 [ice dragon (3)]
 16161 | Lair:5   | Found a staircase to the Slime Pits.
 16681 | Lair:5   | Reached skill level 1 in Shields
 17082 | Lair:6   | Entered Level 6 of the Lair of Beasts
 17626 | Lair:6   | Reached skill level 5 in Shields
 17757 | Lair:6   | Found a dark tunnel.
 17762 | Volcano  | Entered a volcano
 17853 | Volcano  | Identified the cursed +1 scale mail "Lekk" {rC+ Regen+} (You found it on level 7 of the Dungeon)
 17864 | Volcano  | Identified the +5 chain mail of the Comet {rPois} (You found it on level 4 of the Lair of Beasts)
 18476 | Volcano  | Noticed a stone giant
 18481 | Volcano  | Killed a stone giant
 18622 | Volcano  | Found a radiant altar of Vehumet.
 18645 | Volcano  | Found a radiant altar of Vehumet.
 18711 | Lair:6   | Reached XP level 14. HP: 71/71 MP: 8/34
 18958 | Lair:6   | Received a gift from Sif Muna
 18959 | Lair:6   | Identified Sif Muna's Incunabulum of the Compass and Beguiling {god gift} (Sif Muna gifted it to you on level 6 of the Lair of Beasts)
 20188 | D:10     | Entered Level 10 of the Dungeon
 20479 | D:10     | Reached skill level 15 in Ice Magic
 20882 | D:10     | Got an iridescent flail
 21225 | D:11     | Reached skill level 15 in Spellcasting
 21411 | D:11     | Identified the cursed +0 flail of Dagyow {crush, rN++ Stlth-} (You found it on level 10 of the Dungeon)
 22376 | D:12     | Received a gift from Sif Muna
 22385 | D:12     | HP: 1/71 [large slime creature (37)]
 22386 | D:12     | Annihilated by a large slime creature

Vault maps used:
D:1:      wheals_arrival_linesprint
D:2:      tso_oasis_becter, kennysheep_generic_room_7, uniq_sigmund
D:4:      brannock_xom_greatest_gift
D:5:      slow_altar_1, minmay_temple_entry_overgrown, serial_shops, shop,
          first_bread, uniq_prince_ribbit1
D:6:      grunt_temple_overflow_opulence
D:7:      eat_drink_and_be_merry_uskayaw, enter_ossuary_5
D:9:      kennysheep_ying_yang, minmay_lair_entry_lava
D:12:     minmay_orc_entry_guard_dogs, basic_altar, serial_column_ruins,
          column_ruins_hut, column_ruins_open_small, column_ruins_open_small,
          column_ruins_open_tiny, column_ruins_open_small
Temple:   eino_narrow_crystal_temple
Lair:1:   uniq_grum
Lair:2:   swamp_mist_pool
Lair:3:   serial_bayou_pond_b, beast_lair_carwin_8
Lair:4:   guppyfry_snake_entry_island, basic_altar
Lair:5:   minmay_slime_entry_jelly_boxes, portal_ice_cave_entry_pillars_1,
          uniq_snorg
Lair:6:   minmay_lair_end_enchanted_forest, nicolae_volcano_entry_s_turn,
          serial_bayou_lagoon_a, serial_bayou_lake_a, infiniplex_staircase_pool
Ossuary:  minmay_ossuary_two_tombs
IceCv:    ice_cave_small_dragons
Volcano:  volcano_grotto

Skill      XL: |  1  2  3  4  5  6  7  8  9 10 11 12 13 14 |
---------------+-------------------------------------------+-----
Ice Magic      | 4 6 7 9 11 13 14 15 | 15.0
Fighting       | 1 |  1.8
Dodging        | 5 |  5.0
Spellcasting   | 4 8 10 11 13 14 15 | 15.9
Conjurations   | 2 5 6 7 9 11 13 14 | 14.9
Invocations    | 2 8 |  8.0
Shields        | 5 |  5.3
Stealth        | |  2.4

Action                   |  1- 3 |  4- 6 |  7- 9 | 10-12 | 13-15 || total
-------------------------+-------+-------+-------+-------+-------++-------
Melee: Short sword       |       |     7 |   204 |       |    80 ||   291
 Cast: Freeze            |    44 |   112 |    66 |       |       ||   222
       Ozocubu's Armour  |     2 |     4 |     6 |       |     3 ||    15
       Throw Icicle      |       |     6 |   117 |   251 |   401 ||   775
Invok: Divine Energy     |       |       |     1 |       |       ||     1
       Channel Magic     |       |       |       |     1 |     2 ||     3
  Use: Potion            |     1 |       |       |     5 |     2 ||     8
       Scroll            |       |     6 |       |    13 |     4 ||    23
 Stab: Sleeping          |       |     1 |     1 |       |       ||     2
  Eat: Chunk             |       |     7 |    20 |    18 |    42 ||    87
       Fruit             |       |       |     5 |       |     1 ||     6
       Meat ration       |       |       |     1 |       |     1 ||     2
Armor: Robe              |     5 |    13 |    79 |       |       ||    97
       Steam dragon scal |       |       |     3 |    18 |    59 ||    80
Dodge: Dodged            |    25 |    73 |   246 |    63 |   112 ||   519
Block: Buckler           |       |       |       |       |    43 ||    43
